 Dungeon Crawl Stone Soup version 0.30.0-15-g856e2d3f33 (webtiles) character file.

Game seed: 4350797742286056117

88 Esekla the Grave Robber (level 4, -5/25 HPs)
             Began as a Tengu Necromancer on May 19, 2023.
             Slain by a +2 spectral club (8 damage)
             ... created by Jessica
             ... on level 2 of the Dungeon.
             The game lasted 00:10:32 (1588 turns).

Esekla the Grave Robber (Tengu Necromancer)         Turns: 1588, Time: 00:10:32

Health: -5/25      AC:  2    Str:  8    XL:     4   Next: 53%
Magic:  2/8        EV: 12    Int: 18    God:
Gold:   74         SH:  0    Dex: 14    Spells: 3/7 levels left

rFire   . . .        d - +0 dagger
rCold   . . .        (no shield)
rNeg    . . .        a - +0 robe
rPois   .            (helmet restricted)
rElec   .            (no cloak)
rCorr   .            (no gloves)
SInv    .            (boots unavailable)
Will    +....        (no amulet)
Stlth   ++           n - ring of willpower
HPRegen 0.24/turn    (no ring)
MPRegen 0.11/turn

%: no passive effects
@: no status effects
A: beak, talons 3
a: no special abilities


You were on level 2 of the Dungeon.
You visited 1 branch of the dungeon, and saw 2 of its levels.

You collected 74 gold pieces.

Inventory:

Hand Weapons
 c - a +0 spear
 d - a +0 dagger (weapon)
Missiles
 g - 5 javelins (quivered)
Armour
 a - a +0 robe (worn)
Jewellery
 n - a ring of willpower (left hand)
Scrolls
 i - 2 scrolls of identify {unknown}
 j - a scroll of magic mapping {unknown}
 k - a scroll of torment {unknown}
 l - a scroll of blinking {unknown}
Potions
 b - a potion of magic
 e - 3 potions of might {unknown}
 f - a potion of invisibility {unknown}
 h - 2 potions of curing {unknown}
 m - a potion of cancellation {unknown}


   Skills:
 * Level 1.0 Fighting
 + Level 0.6 Short Blades
 * Level 2.5 Dodging
 + Level 3.2 Stealth
 * Level 2.2 Spellcasting
 + Level 5.1 Necromancy


You had 3 spell levels left.
You knew the following spells:

 Your Spells              Type           Power      Damage    Failure   Level
a - Necrotise             Necr           80%        1d8       2%          1
d - Vampiric Draining     Necr           20%        2d7       6%          3

Your spell library contained the following spells:

 Spells                   Type           Power      Damage    Failure   Level
 Animate Dead             Necr           20%        N/A       22%         4
 Agony                    Necr           20%        N/A       52%         5


Dungeon Overview and Level Annotations

Branches:
Dungeon (2/15)

Altars:

Annotations:
D:2 Jessica, Robin


Innate Abilities, Weirdness & Mutations

You have a beak for a mouth.
You have claws for feet.


Message History

You closely miss the ball python. The ball python bites you.
The ball python grabs you. The ball python constricts you.
You hit the ball python. Your kick misses the ball python.
The ball python is severely wounded.
The ball python closely misses you. The ball python constricts you.
You hit the ball python.
You kill the ball python!
Okay, then.
n - a ring of willpower (left hand)
Found a stone staircase leading down.
You closely miss Jessica.
Jessica shouts!
You claw Jessica, but do no damage. You peck Jessica, but do no damage.
Jessica shouts, "You are a ghastly nuisance!"
Jessica misses you. The +2 spectral club misses you.
A +2 spectral club comes into view.
You barely miss Jessica. You peck Jessica, but do no damage.
The +2 spectral club hits you.
Jessica hits you with a +2 spectral club.
The +2 spectral club hits you. The +2 spectral club barely misses you.
Casting: Vampiric Draining (quite dangerous; 6% risk of failure)
Confirm with . or Enter, or press ? or * to list all spells.
The spell is quite dangerous to miscast (6% risk of failure)!
Continue anyway?
Aiming: Vampiric Draining (quite dangerous; 6% risk of failure)
Press: ? - help, Shift-Dir - straight line, f - Jessica
Aim: Jessica, wielding a +2 spectral club and wearing a +2 robe of willpower You draw life force from Jessica.
You feel life coursing into your body. The +2 spectral club hits you.
The +2 spectral club barely misses you. Jessica completely misses you.
The +2 spectral club hits you. The +2 spectral club hits you!
* * * LOW HITPOINT WARNING * * *
Casting: Vampiric Draining (quite dangerous; 6% risk of failure)
Confirm with . or Enter, or press ? or * to list all spells.
The spell is quite dangerous to miscast (6% risk of failure)!
Continue anyway?
Aiming: Vampiric Draining (quite dangerous; 6% risk of failure)
Press: ? - help, Shift-Dir - straight line, f/p - Jessica
Aim: Jessica, wielding a +2 spectral club and wearing a +2 robe of willpower (heavily wounded)
You draw life force from Jessica.
You feel life coursing into your body. The +2 spectral club hits you!
You die...

####....#..........
####...............
.......[..#...####
..........#....##
..........#.....#
..........#.....#
####......#.....#
.#
#......#.....###..#
########.....@(..#
#.....#@###
#.....#.# ###.###.#
#. .# ## ##


You could see a +2 spectral club and Jessica.

Vanquished Creatures
  An iguana (D:2)
  An adder (D:2)
  A dart slug (D:1)
  6 ball pythons
  2 bats
  6 endoplasms
  7 goblins
  3 hobgoblins
  3 jackals (D:1)
  2 quokkas
  2 frilled lizards (D:1)
  2 kobolds (D:1)
  11 rats
47 creatures vanquished.

Notes
Turn   | Place    | Note
-------+----------+-------------------------------------------
     0 | D:1      | Esekla the Tengu Necromancer began the quest for the Orb.
     0 | D:1      | Reached XP level 1. HP: 10/10 MP: 4/4
   198 | D:1      | Reached XP level 2. HP: 15/15 MP: 6/6
   735 | D:1      | Reached XP level 3. HP: 20/20 MP: 7/7
   744 | D:1      | Learned a level 3 spell: Vampiric Draining
  1002 | D:2      | Reached skill level 5 in Necromancy
  1130 | D:2      | HP: 1/20 [iguana (8)]
  1132 | D:2      | Reached XP level 4. HP: 7/24 MP: 1/8
  1446 | D:2      | Noticed Jessica
  1447 | D:2      | Noticed Robin
  1448 | D:2      | Reached skill level 1 in Fighting
  1588 | D:2      | Slain by a +2 spectral club

Illustrated notes

Levels and vault maps discovered:
D:1:      dpeg_arrival_rooms_b, layout_loops_ring, minmay_misc_feat_nine_boxes
D:2:      layout_basic, uniq_crazy_yiuf_cottage, uniq_robin, uniq_jessica

Skill      XL: |  1  2  3  4 |
---------------+-------------+-----
Necromancy     | 5 |  5.1
Stealth        | 3 |  3.2
Fighting       | 1 |  1.0
Short Blades   | |  0.6
Dodging        | |  2.5
Spellcasting   | |  2.2

Action                     |  1- 3 |  4- 6 || total
---------------------------+-------+-------++-------
  Melee: Dagger            |    65 |    30 ||    95
         Spear             |     4 |       ||     4
         Peck              |    10 |     6 ||    16
         Kick              |    13 |     8 ||    21
         Punch             |     1 |       ||     1
  Throw: Javelin           |     1 |       ||     1
   Cast: Vampiric Draining |     4 |     4 ||     8
   Stab: Sleeping          |     7 |     2 ||     9
         Distracted        |     1 |       ||     1
 Armour: Robe              |     5 |     5 ||    10
  Dodge: Dodged            |    38 |    25 ||    63
